Map: Blackburn LE

Players

ArT

  • Race: Protoss Protoss

Lambo - Winner!

  • Race: Zerg Zerg
  • League: Grandmaster

Event: DreamHack SC2 Masters 2021 Summer

VOD

Have the link to the VOD?

Description

Time

  • Played on: May 22, 2021, 10:41 a.m.
  • Length: 13:09

All games in this series

Show
View Real Time Build Order
Export as new Build Order

ArT Protoss 

Build Orders: 1 Gate Expand, Oracle Opening 

Get SALT Encoding   

  12  0:00  Probe  
  13  0:12  Probe  
  14  0:19  Pylon  
  14  0:24  Probe  
  15  0:37  Probe (Chrono Boost)  
  15  0:40  Gateway  
  16  0:46  Probe (Chrono Boost)  
  16  0:47  Assimilator  
  17  0:51  Probe  
  18  1:03  Probe  
  19  1:16  Probe  
  20  1:26  Nexus  
  20  1:37  Cybernetics Core  
  20  1:40  Probe  
  20  1:46  Assimilator  
  21  1:52  Probe  
  22  1:55  Pylon  
  22  2:04  Probe  
  23  2:11  Stalker (Chrono Boost)  
  23  2:14  Warp Gate  
  25  2:16  Probe  
  26  2:27  Stargate  
  26  2:29  Probe  
  27  2:36  Adept  
  29  2:41  Probe (Chrono Boost)  
  31  2:49  Probe (Chrono Boost)  
  31  2:50  Probe (Chrono Boost)  
  32  2:55  Probe (Chrono Boost)  
  32  2:58  Probe  
  33  3:04  Gateway  
  34  3:07  Probe  
  34  3:10  Probe, Oracle (Chrono Boost)  
  39  3:18  Adept  
  41  3:21  Probe  
  41  3:22  Probe  
  41  3:26  Pylon  
  43  3:33  Probe  
  44  3:34  Probe  
  44  3:39  Pylon  
  45  3:42  Oracle (Chrono Boost)  
  45  3:47  Probe x2  
  50  3:59  Probe x2  
  52  4:06  Nexus  
  52  4:10  Pylon  
  52  4:11  Probe x2  
  52  4:15  Assimilator  
  54  4:17  Assimilator  
  54  4:25  Probe x2 (Chrono Boost), Robotics Facility  
  54  4:29  Pylon  
  56  4:36  Probe (Chrono Boost)  
  56  4:37  Probe (Chrono Boost)  
  56  4:38  Twilight Council  
  58  4:41  Forge  
  58  4:42  Probe (Chrono Boost)  
  59  4:49  Sentry x2  
  59  4:50  Probe  
  64  4:54  Probe  
  64  4:59  Gateway  
  65  5:02  Gateway  
  65  5:03  Probe  
  66  5:08  Probe  
  66  5:13  Observer (Chrono Boost)  
  68  5:16  Protoss Ground Weapons Level 1 (Chrono Boost), Blink (Chrono Boost)  
  68  5:17  Shield Battery  
  68  5:20  Probe  
  69  5:21  Probe  
  69  5:28  Probe  
  71  5:33  Gateway  
  71  5:34  Gateway  
  71  5:41  Probe x2  
  73  5:43  Immortal (Chrono Boost)  
  73  5:45  Sentry x2  
  81  5:51  Probe  
  81  5:55  Probe, Pylon  
  81  5:57  Pylon  
  83  6:02  Probe  
  84  6:14  Stalker x2  
  84  6:15  Stalker  
  90  6:19  Shield Battery, Immortal (Chrono Boost)  
  90  6:23  Shield Battery  
  90  6:25  Stalker  
  93  6:28  Pylon  
  93  6:35  Stalker  
  93  6:36  Stalker  
  97  6:42  Shield Battery  
  97  6:46  Pylon  
  97  6:48  Pylon  
  97  6:50  Pylon  
  97  7:04  Robotics Bay  
  97  7:08  Immortal (Chrono Boost)  
  97  7:12  Stalker x4  
  97  7:14  Pylon  
  108  7:23  Cybernetics Core  
  108  7:45  Protoss Ground Weapons Level 2 (Chrono Boost), Zealot  
  108  7:46  Zealot x4  
  108  7:48  Charge  
  118  7:56  Pylon  
  118  8:00  Pylon  
  118  8:01  Pylon x2  
  118  8:13  Disruptor (Chrono Boost)  
  118  8:16  Pylon  
  118  8:17  Pylon  
  118  8:18  Stalker x2  
  125  8:35  Stalker x3  
  125  8:38  Disruptor (Chrono Boost), Pylon  
  131  9:03  Stalker x5  
  131  9:07  Observer (Chrono Boost)  
  142  9:10  Gateway  
  141  9:22  Gateway  
  141  9:24  Warp Prism (Chrono Boost)  
  143  9:38  Stalker x5  
  151  9:48  Pylon  
  151  9:51  Probe  
  151  9:52  Probe  
  153  10:12  Stalker  
  153  10:13  Stalker x5  
  147  10:29  Stalker  
  147  10:30  Disruptor  
  152  10:39  Stalker x6  
  144  10:53  Stalker  
  145  11:05  Stalker x3  
  145  11:12  Stalker  
  147  11:20  Sentry x2  
  147  11:30  Stalker x3  
  149  11:36  Stalker  
  151  11:40  Observer (Chrono Boost)  
  152  11:55  Observer (Chrono Boost)  
  152  11:59  Stalker x4  
  145  12:16  Observer (Chrono Boost)  
  145  12:17  Stalker x2  
  143  12:30  Stalker x3  
  115  12:50  Stalker x3  
Show
View Real Time Build Order
Export as new Build Order

Lambo Zerg - Winner!

Build Orders: Hatch First, Lurkers 

Get SALT Encoding   

  12  0:00  Drone  
  13  0:12  Overlord  
  13  0:17  Drone  
  14  0:31  Drone x2  
  16  0:48  Hatchery  
  15  0:51  Drone  
  15  0:54  Drone  
  17  0:58  Drone  
  18  1:08  Extractor  
  17  1:13  Spawning Pool  
  17  1:17  Drone  
  17  1:20  Drone  
  18  1:28  Drone  
  19  1:38  Drone  
  20  1:49  Drone  
  21  2:00  Queen x2  
  21  2:01  Zergling x2, Overlord  
  26  2:10  Drone  
  26  2:13  Zergling x2  
  28  2:21  Drone  
  28  2:22  Drone  
  30  2:32  Drone  
  30  2:34  Drone  
  30  2:36  Pneumatized Carapace  
  32  2:40  Hatchery  
  32  2:44  Drone  
  32  2:47  Overlord  
  32  2:53  Queen  
  32  2:57  Drone  
  35  2:59  Drone  
  36  3:10  Drone x5  
  41  3:14  Metabolic Boost  
  41  3:19  Overlord  
  41  3:22  Drone  
  42  3:29  Drone  
  43  3:34  Queen, Spore Crawler  
  43  3:41  Overlord  
  44  3:42  Drone x3  
  44  3:44  Drone  
  48  3:49  Overlord  
  48  3:53  Drone, Zergling x2  
  50  3:57  Queen  
  50  4:00  Drone  
  50  4:02  Drone x3  
  56  4:04  Drone  
  56  4:07  Drone x2  
  59  4:14  Spore Crawler  
  59  4:15  Drone  
  59  4:16  Queen  
  61  4:20  Drone, Spore Crawler  
  61  4:23  Zergling x2  
  62  4:26  Drone x2  
  62  4:27  Drone, Extractor  
  64  4:33  Drone x2  
  64  4:35  Lair  
  66  4:39  Roach Warren  
  66  4:40  Drone  
  66  4:43  Drone x2  
  66  4:45  Drone x2  
  70  4:48  Drone  
  70  4:49  Drone x2  
  70  4:50  Extractor  
  70  4:52  Extractor  
  71  4:53  Extractor, Overlord  
  71  4:55  Drone x2  
  71  4:58  Overlord  
  72  5:01  Overlord  
  72  5:03  Overlord  
  72  5:06  Overlord  
  72  5:10  Overlord  
  72  5:14  Overlord  
  70  5:24  Roach x7  
  70  5:27  Roach x2  
  88  5:29  Roach  
  88  5:32  Roach  
  88  5:33  Roach  
  94  5:37  Roach x2  
  94  5:41  Roach x2  
  102  5:46  Roach x2  
  102  5:47  Overlord  
  102  5:49  Zergling x4  
  108  5:53  Zergling x4  
  108  5:56  Ravager x3  
  113  5:59  Zergling x6  
  113  6:03  Zergling x2  
  115  6:12  Overlord  
  115  6:13  Zergling x6  
  115  6:14  Ravager  
  115  6:17  Overlord  
  119  6:20  Zergling x4  
  119  6:27  Drone x5  
  119  6:31  Drone x3  
  126  6:34  Drone  
  126  6:37  Infestation Pit  
  126  6:38  Drone  
  127  6:40  Evolution Chamber  
  127  6:41  Drone x2  
  127  6:45  Drone x3  
  127  6:46  Ravager x2  
  133  6:49  Drone x2  
  133  6:54  Extractor, Queen  
  135  7:00  Overseer  
  134  7:05  Queen  
  134  7:08  Zerg Missile Weapons Level 1  
  136  7:12  Drone x3, Hatchery  
  138  7:18  Overseer  
  138  7:21  Hydralisk Den  
  137  7:23  Overlord  
  137  7:24  Roach x4  
  137  7:27  Queen  
  145  7:36  Drone x3  
  145  7:38  Drone  
  145  7:39  Spore Crawler  
  145  7:42  Drone x6  
  149  7:45  Drone  
  150  7:51  Drone x2  
  150  7:57  Hive, Muscular Augments  
  152  7:58  Drone  
  152  7:59  Drone  
  154  8:07  Overlord  
  154  8:11  Overlord  
  153  8:16  Overlord  
  153  8:25  Queen  
  155  8:27  Extractor x2  
  153  8:35  Hydralisk x7  
  153  8:37  Drone x3  
  168  8:47  Hydralisk x6  
  176  8:59  Evolution Chamber  
  175  9:03  Overlord  
  175  9:04  Zerg Missile Weapons Level 2  
  175  9:08  Grooved Spines  
  175  9:18  Hatchery, Adrenal Glands, Overlord x2  
  175  9:23  Lurker Den  
  173  9:25  Drone  
  173  9:26  Drone x3, Viper x2  
  173  9:28  Overlord  
  173  9:29  Overlord  
  180  9:31  Overlord  
  180  9:33  Overlord  
  180  9:36  Zerg Ground Armor Level 1, Overlord  
  180  9:37  Zergling x8  
  181  9:39  Viper  
  181  9:45  Zergling x12  
  189  9:49  Ravager  
  189  9:50  Roach x3  
  196  9:53  Roach x2  
  196  10:09  Roach x2  
  199  10:25  Roach x6  
  190  10:34  Zergling x18  
  185  10:45  Zergling x2  
  185  10:46  Zergling x10  
  179  10:51  Roach x2  
  179  10:54  Roach  
  179  10:59  Roach x3  
  179  11:03  Seismic Spines  
  181  11:04  Hydralisk  
  181  11:08  Roach x2  
  181  11:10  Hydralisk  
  182  11:12  Lurker  
  182  11:13  Lurker x3  
  182  11:14  Hydralisk, Lurker  
  182  11:17  Hydralisk  
  190  11:20  Hydralisk x2  
  190  11:24  Hydralisk  
  192  11:28  Hydralisk x4  
  197  11:41  Overlord  
  197  12:00  Adaptive Talons  
  196  12:08  Hydralisk  
  198  12:40  Hydralisk x5  
Tags
 
Add a new tag
Caveats
  • Supply blocks, unpowered buildings, or Contaminate may cause inaccurate times.
  • Supply counts are checked every 10 seconds.